 Dungeon Crawl Stone Soup version 0.28.0-45-g0d030f2227 (webtiles) character file.

Game seed: 864122207038410427

79 seaoflcl the Ducker (level 4, -3/44 HPs)
             Began as a Troll Fighter on Apr 24, 2022.
             Slain by a gnoll
             ... wielding a +0 spear
              (4 damage)
             ... on level 3 of the Dungeon.
             The game lasted 00:01:58 (1559 turns).

seaoflcl the Ducker (Troll Fighter)                 Turns: 1559, Time: 00:01:59

Health: -3/44      AC:  4    Str: 26    XL:     4   Next: 17%
Magic:  3/3        EV:  8    Int:  4    God:
Gold:   42         SH:  7    Dex:  9    Spells: 3/3 levels left

rFire   . . .      SeeInvis .   a - +0 long sword
rCold   . . .      Faith    .   c - +0 kite shield
rNeg    . . .      Spirit   .   b - +0 robe
rPois   .          Reflect  .   (helmet restricted)
rElec   .          Harm     .   (no cloak)
rCorr   .          Rampage  .   (gloves unavailable)
Will    .....                   (boots unavailable)
Stlth   +.........              (no amulet)
HPRegen 0.94/turn               (no ring)
MPRegen 0.08/turn               (no ring)

@: no status effects
A: large, unfitting armour, claws 3, regeneration 1, shaggy fur 1, tough skin 1
a: no special abilities


You were on level 3 of the Dungeon.
You visited 1 branch of the dungeon, and saw 3 of its levels.

You collected 42 gold pieces.

Inventory:

Hand Weapons
 a - a +0 long sword (weapon)
Armour
 b - a +0 robe (worn)
 c - a +0 kite shield (worn)
Scrolls
 e - a scroll of amnesia {unknown}
 g - 2 scrolls of magic mapping {unknown}
 j - 2 scrolls of enchant weapon {unknown}
 l - a scroll of holy word {unknown}
 m - a scroll of blinking {unknown}
Potions
 d - a potion of might
 f - a potion of degeneration {unknown}
 h - 2 potions of heal wounds {unknown}
 i - 2 potions of curing {unknown}
 k - a potion of resistance {unknown}


   Skills:
 + Level 2.8 Fighting
 + Level 2.0 Long Blades
 + Level 1.0 Armour
 * Level 3.0 Dodging
 + Level 2.8 Shields


You had 3 spell levels left.
You didn't know any spells.
Your spell library was empty.

Dungeon Overview and Level Annotations

Branches:
Dungeon (3/15)

Altars:


Innate Abilities, Weirdness & Mutations

You are too large for most types of armour.
You have claws for hands.
Your natural rate of healing is unusually fast.
You are covered in fur. (AC +1)
You have tough skin. (AC +1)


Message History

The gnoll hits you from afar with a +0 spear!
The ufetubus closely misses you. The ufetubus hits you.
The gnoll hits you from afar with a +0 spear.
You hit the ufetubus but do no damage. You block the ufetubus's attack.
The ufetubus hits you. You block the gnoll's attack. The ufetubus hits you. x2
You closely miss the ufetubus. You block the ufetubus's attack.
The ufetubus hits you. You block the gnoll's attack.
You block the ufetubus's attack.
The ufetubus hits you but does no damage.
You barely miss the ufetubus. The ufetubus hits you.
The ufetubus hits you but does no damage.
The ufetubus barely misses you. x2; You block the gnoll's attack.
You hit the ufetubus.
The ufetubus is lightly wounded.
The ufetubus hits you but does no damage.
You block the ufetubus's attack. The ufetubus closely misses you.
The ufetubus hits you.
* * * LOW HITPOINT WARNING * * *
The gnoll hits you but does no damage.
The ufetubus hits you but does no damage.
The ufetubus barely misses you.
You hit the ufetubus but do no damage.
The ufetubus is lightly wounded.
The ufetubus hits you but does no damage.
The ufetubus hits you.
* * * LOW HITPOINT WARNING * * *
You block the gnoll's attack. You block the ufetubus's attack.
The ufetubus barely misses you. The gnoll barely misses you.
You slash the ufetubus!
You kill the ufetubus!
The gnoll hits you from afar with a +0 halberd!
* * * LOW HITPOINT WARNING * * *
The gnoll barely misses you. You block the gnoll's attack.
You hit the gnoll.
The gnoll is moderately wounded.
The gnoll hits you from afar with a +0 spear!
* * * LOW HITPOINT WARNING * * *
The gnoll closely misses you.
The gnoll hits you from afar with a +0 spear.
You die...

........#........##
........########..#######
..#.........# #........#
..#.........# ##.#.####.#
###.........###..#..###.#
..........(.##.#g#.#.##.#
#######.....##.#g#.#.##.##
# ###'###.##g#.##.#..# #
#..##.##@#.##.##.# #
#......+.+.+.....# #
#.###.##.#.##.#### # #.#
#.##.#.##.# # #.#
##.#.#.#.##
#########.####.#.#.#.#
.............##..#..##
#########.....##.#.## #
#####.##[..#


You could see 3 gnolls.

Vanquished Creatures
  A bullfrog skeleton (D:3)
  An adder (D:2)
  An ufetubus (D:3)
  A dart slug (D:2)
  5 endoplasms
  A giant cockroach (D:1)
  5 goblins
  2 hobgoblins
  A kobold (D:2)
  4 quokkas
  2 ball pythons
  5 bats
  A frilled lizard (D:2)
  2 rats (D:1)
32 creatures vanquished.

Notes
Turn   | Place    | Note
-------+----------+-------------------------------------------
     0 | D:1      | seaoflcl the Troll Fighter began the quest for the Orb.
     0 | D:1      | Reached XP level 1. HP: 22/22 MP: 0/0
   261 | D:1      | Reached XP level 2. HP: 26/29 MP: 1/1
   362 | D:1      | Found a faded altar of an unknown god.
  1080 | D:2      | Reached XP level 3. HP: 36/36 MP: 2/2
  1365 | D:3      | Reached skill level 1 in Armour
  1365 | D:3      | Reached skill level 3 in Dodging
  1365 | D:3      | Reached XP level 4. HP: 31/44 MP: 3/3
  1559 | D:3      | HP: 1/44 [gnoll/+0 spear (7)]
  1559 | D:3      | Slain by a gnoll

Illustrated notes

Levels and vault maps discovered:
D:1:      dpeg_arrival_radiant, layout_basic, hellmonk_ecumenical_altar_run_dry
D:2:      layout_basic
D:3:      layout_basic, chequers_serial_rivers_large_b, interstate_on_off

Skill      XL: |  1  2  3 |
---------------+----------+-----
Long Blades    | 2 |  2.0
Armour         | 1 |  1.0
Dodging        | 3 |  3.0
Fighting       | |  2.8
Shields        | |  2.8

Action                   |  1- 3 |  4- 6 || total
-------------------------+-------+-------++-------
Melee: Long sword        |    82 |    12 ||    94
 Stab: Sleeping          |     1 |     1 ||     2
Armor: Robe              |    31 |    10 ||    41
Dodge: Dodged            |    27 |    21 ||    48
Block: Kite shield       |    28 |    22 ||    50
